 Dungeon Crawl Stone Soup version 0.19-a0-330-g034cfd4 (webtiles) character file.

2863 Lugonue the Cleaver (level 9, 0/79 HPs)
             Began as a Minotaur Gladiator on May 28, 2016.
             Was a Priest of Ru.
             Slain by an orc knight
             ... wielding a +0 war axe
              (16 damage)
             ... in a bailey.
             The game lasted 00:19:29 (5160 turns).

Lugonue the Cleaver (Minotaur Gladiator)            Turns: 5160, Time: 00:19:30

Health: 0/79       AC: 12    Str: 19    XL:     9   Next: 47%
Magic:  8/8        EV: 15    Int:  5    God:    Ru [***...]
Gold:   247        SH:  0    Dex: 14    Spells: 0 memorised, 8 levels left

rFire  . . .     SeeInvis .     a - +1 war axe
rCold  . . .     Gourm    .     q - +0 ring mail
rNeg   . . .     Faith    .     (no shield)
rPois  .         Spirit   .     c - +1 hat
rElec  .         Dismiss  .     (no cloak)
rCorr  .         Reflect  .     (no gloves)
SustAt .         Harm     .     (no boots)
MR     .....                    (no amulet)
Stlth  +.........               (no ring)
                                (no ring)

@: very slightly contaminated, invisible, not resistant to hostile enchantments,
very unstealthy
A: retaliatory headbutt, horns 2, rough black scales 1, blurry vision 1, shaggy
fur 1, inability to use devices
a: Draw Out Power, Renounce Religion


You were in a bailey.
You worshipped Ru.
Ru was most pleased with you.
You were not hungry.

You visited 1 branch of the dungeon, and saw 9 of its levels.
You also visited: Bailey.

You collected 322 gold pieces.
You spent 75 gold pieces at shops.

Inventory:

Hand Weapons
 a - a +1 war axe (weapon)
Missiles
 d - 2 throwing nets (quivered)
Armour
 c - a +1 hat (worn)
 q - a +0 ring mail (worn)
Scrolls
 e - a scroll of enchant armour
 h - 2 scrolls of fear
 j - 3 scrolls of remove curse
 k - 2 scrolls of magic mapping
 m - a scroll of random uselessness {unknown}
 n - a scroll of teleportation
 u - a scroll of blinking {unknown}
Potions
 b - 2 potions of flight
 g - a potion of heal wounds
 r - a potion of resistance {unknown}
 s - a potion of cure mutation
 w - 2 potions of cancellation
Comestibles
 f - 8 bread rations
 i - 6 fruits
 p - a royal jelly
 v - 6 beef jerkies


   Skills:
 + Level 7.4 Fighting
 * Level 10.4 Axes
 - Level 2.0 Throwing
 * Level 6.8 Armour
 + Level 7.4 Dodging


You had 8 spell levels left.
You didn't know any spells.

Dungeon Overview and Level Annotations

Branches:
Dungeon (9/15)               Lair (0/8) D:8
 Temple: D:4-7          Orc: D:9-12

Altars:
Cheibriados
Fedhas
Kikubaaqudgha
Nemelex Xobeh
Pakellas
Qazlal
Ru
Sif Muna
Trog
Vehumet
Xom
The Shining One

Shops:
D:4 *   D:7 !


Innate Abilities, Weirdness & Mutations

You reflexively headbutt those who attack you in melee.
You have a pair of horns on your head.
You cannot study or use magical devices.
You are partially covered in rough black scales. (AC +4, Dex -1)
Scrolls take you a little longer to read.
You are covered in fur. (AC +1)


Message History

The orc knight is lightly wounded.
The orc knight hits you with a war axe!!
You catch the helpless orc knight completely off-guard!
You hit the orc knight.
The orc knight is lightly wounded.
The orc knight hits you with a war axe.
You focus your will and blind the orc knight in retribution!
There is an open gate here.
You hit the orc knight but do no damage.
The orc knight is lightly wounded.
The orc knight hits you with a war axe!
* * * LOW HITPOINT WARNING * * *
You are too injured to fight recklessly!
Things that are here:
2 tomahawks of returning; a kobold corpse You strike the helpless orc knight from behind!
You slash the orc knight!
The orc knight is moderately wounded.
The orc knight hits you with a war axe!
You die...

.'≈≈.......≈≈'.'.#
#≈≈...(...≈≈###.#
+≈≈....(.(≈≈'.'.#
#≈≈....((.≈≈#####
##≈.......≈##
####...#### #.(.#
##''o## ##..∩@)##
#....(..#
#...∩...#
##.....## #######


You could see an orc knight (blind).

Vanquished Creatures
  Erolcha (D:9)
  An orc knight (Bailey)
  A hungry ghost (D:7)
  An orc warrior (Bailey)
  A sky beast (D:9)
  The ghost of Ijustatesigmund the Skirmisher, an amateur HOFi (D:3)
  2 ogres (D:7)
  A giant frog (D:6)
  4 scorpions
  3 crimson imps (D:7)
  A quasit (D:7)
  A hound (D:5)
  3 orc priests
  5 orc wizards
  An iguana (D:7)
  6 worker ants
  A hound zombie (D:5)
  2 worker ant zombies
  9 adders
  3 shadow imps
  2 oozes
  An adder skeleton (D:4)
  3 worms
  A dart slug (D:1)
  36 orcs
  5 bats
  4 giant cockroaches
  9 goblins
  11 hobgoblins
  5 jackals
  3 quokkas (D:2)
  3 ball pythons
  2 giant gecko skeletons
  5 giant newts
  A jackal skeleton (D:4)
  13 kobolds
  4 rats
156 creatures vanquished.

Vanquished Creatures (others)
  A fire dragon (D:4)
1 creature vanquished.

Grand Total: 157 creatures vanquished

Notes
Turn   | Place    | Note
--------------------------------------------------------------
     0 | D:1      | Lugonue the Minotaur Gladiator began the quest for the Orb.
     0 | D:1      | Reached XP level 1. HP: 18/18 MP: 0/0
    51 | D:1      | Reached skill level 4 in Axes
   165 | D:1      | Reached XP level 2. HP: 25/25 MP: 1/1
   402 | D:1      | Reached XP level 3. HP: 26/31 MP: 2/2
   707 | D:2      | Found a blossoming altar of Fedhas.
   808 | D:2      | Reached skill level 5 in Axes
  1074 | D:2      | Found a glowing golden altar of the Shining One.
  1257 | D:2      | Reached XP level 4. HP: 38/38 MP: 3/3
  1626 | D:3      | Noticed Ijustatesigmund's ghost (amateur HOFi)
  1772 | D:3      | Reached skill level 1 in Armour
  1884 | D:3      | Killed Ijustatesigmund's ghost
  1884 | D:3      | Reached skill level 6 in Axes
  1884 | D:3      | Reached XP level 5. HP: 24/46 MP: 4/4
  2025 | D:3      | Noticed a moth of wrath
  2028 | D:3      | Found a bloodstained altar of Trog.
  2421 | D:4      | Reached XP level 6. HP: 43/52 MP: 5/5
  2441 | D:4      | Found a bloodstained altar of Trog.
  2445 | D:4      | Found a sacrificial altar of Ru.
  2469 | D:4      | Became a worshipper of Ru the Awakened
  2494 | D:4      | Found a radiant altar of Vehumet.
  2847 | D:4      | Found an oddly glowing altar of Pakellas.
  2847 | D:4      | Noticed a fire dragon
  2865 | D:4      | Killed a fire dragon
  2911 | D:4      | Found a sparkling altar of Nemelex Xobeh.
  2955 | D:4      | Found Doptyh's Assorted Antiques.
  3036 | D:5      | Entered Level 5 of the Dungeon
  3103 | D:5      | Found a blossoming altar of Fedhas.
  3387 | D:5      | Reached skill level 5 in Fighting
  3387 | D:5      | Reached skill level 7 in Axes
  3387 | D:5      | Reached XP level 7. HP: 56/61 MP: 6/6
  3540 | D:5      | You fall through a shaft!
  3602 | D:6      | Reached skill level 5 in Dodging
  3877 | D:6      | Gained mutation: You cannot study or use magical devices. [Ru sacrifice]
  3877 | D:6      | Reached * piety under Ru
  3877 | D:6      | Reached ** piety under Ru
  3877 | D:6      | Reached *** piety under Ru
  4023 | D:7      | Found Ceoh's Distillery.
  4035 | D:7      | Bought a potion of heal wounds for 75 gold pieces
  4111 | D:7      | Gained mutation: You are partially covered in rough black scales. (AC +4, Dex -1) [potion of mutation]
  4111 | D:7      | Gained mutation: You are covered in fur. (AC +1) [potion of mutation]
  4111 | D:7      | Gained mutation: Scrolls take you a little longer to read. [potion of mutation]
  4178 | D:7      | Reached skill level 5 in Armour
  4178 | D:7      | Reached XP level 8. HP: 69/69 MP: 7/7
  4249 | D:7      | Reached skill level 8 in Axes
  4572 | D:7      | You fall through a shaft for 2 floors!
  4572 | D:9      | Found an ancient bone altar of Kikubaaqudgha.
  4572 | D:9      | Found a shimmering altar of Xom.
  4572 | D:9      | Found a deep blue altar of Sif Muna.
  4573 | D:9      | Found a stormy altar of Qazlal.
  4574 | D:9      | Found a snail-covered altar of Cheibriados.
  4587 | D:9      | Noticed Erolcha
  4614 | D:9      | Killed Erolcha
  4614 | D:9      | Reached skill level 9 in Axes
  4614 | D:9      | Reached XP level 9. HP: 67/79 MP: 8/8
  4814 | D:8      | Found a flagged portal.
  4854 | Bailey   | Entered a bailey
  4932 | Bailey   | Noticed an orc knight
  4958 | Bailey   | Killed an orc knight
  4958 | Bailey   | Reached skill level 10 in Axes
  4984 | Bailey   | Noticed an orc knight
  5160 | Bailey   | Slain by an orc knight

Vault maps used:
D:1:      dpeg_arrival_sounds_slurp
D:2:      lemuel_round_altar, first_bread, fedhas_altar_2
D:3:      grunt_ministairs_3, tgw_trog
D:4:      vehumet_crystals, lemuel_coloured_pillars_altar,
          gammafunk_pakellas_cloud_experiment, grunt_temple_overflow_open,
          serial_shops, nicolae_shop_stone
D:5:      kennysheep_mini_moat, minmay_temple_entry_poolview
D:7:      serial_shops, shop, grunt_ogre_cave
D:8:      okawaru_ov_weapons_minmay, kennysheep_little_box, lair_0_dummy,
          enter_bailey_2
D:9:      minitemple, serial_glass, glass_columns_b, glass_columns_a,
          glass_columns_b, glass_columns_a, serial_shops,
          nicolae_shop_behind_doors, uniq_maurice, uniq_erolcha
Bailey:   bailey_axe_3, bailey

Skill      XL: |  1  2  3  4  5  6  7  8  9 |
---------------+----------------------------+-----
Axes           | 4 5 6 7 9 10 | 10.4
Fighting       | 3 4 5 7 |  7.4
Armour         | 1 2 3 5 6 |  6.8
Dodging        | 4 5 7 |  7.4
Throwing       | |  2.0

Action                   |  1- 3 |  4- 6 |  7- 9 || total
-------------------------+-------+-------+-------++-------
Melee: War axe           |    75 |   117 |   188 ||   380
       Headbutt          |     8 |    17 |    43 ||    68
Throw: Throwing net      |       |       |     4 ||     4
Invok: Sacrifice Artific |       |       |     1 ||     1
  Use: Scroll            |       |    12 |     8 ||    20
       Potion            |       |       |     8 ||     8
 Stab: Held in net/web   |       |       |     2 ||     2
       Invisible         |       |       |     4 ||     4
       Distracted        |       |       |     1 ||     1
  Eat: Chunk             |     1 |     3 |     4 ||     8
       Pizza             |       |     1 |       ||     1
       Bread ration      |       |     1 |       ||     1
       Meat ration       |       |       |     1 ||     1
Armor: Leather armour    |    25 |     1 |       ||    26
       Ring mail         |       |    21 |    84 ||   105
Dodge: Dodged            |    50 |    67 |   116 ||   233
